 Dungeon Crawl Stone Soup version 0.30-a0-377-g5cb311bc9f (webtiles) character file.

Game seed: 12843933184771402422

5860 p00ps00p the Cleaver (level 10, -1/94 HPs)
             Began as a Hill Orc Fighter on Dec 1, 2022.
             Was an Initiate of Gozag.
             Succumbed to a killer bee's poison
             ... on level 10 of the Dungeon.
             The game lasted 00:23:57 (9577 turns).

p00ps00p the Cleaver (Hill Orc Fighter)             Turns: 9577, Time: 00:23:57

Health: -1/94      AC: 16    Str: 22    XL:     10   Next: 81%
Magic:  2/10       EV:  8    Int:  8    God:    Gozag
Gold:   1242       SH: 11    Dex: 10    Spells: 9/9 levels left

rFire   . . .      SeeInvis .    a - +3 war axe
rCold   + . .      Faith    .    c - +1 buckler
rNeg    . . .      Spirit   +    b - +0 chain mail
rPois   .          Reflect  .    n - +2 hat
rElec   .          Harm     .    j - +0 cloak
rCorr   .          Rampage  .    x - +0 pair of gloves
Will    .....                    (no boots)
Stlth   ..........               s - amulet of guardian spirit
HPRegen 0.35/turn                g - ring of protection from cold
MPRegen 0.12/turn                (no ring)

@: lethally poisoned (-1 -> -11)
A: large bone plates 1, weak 1
a: Renounce Religion, Potion Petition, Call Merchant, Bribe Branch


You were on level 10 of the Dungeon.
You worshipped Gozag.
Gozag was most pleased with you.
You visited 3 branches of the dungeon, and saw 12 of its levels.

You collected 1517 gold pieces.
You spent 154 gold pieces at shops.
You paid 121 gold pieces to Gozag.

Inventory:

Hand Weapons
 a - a +3 war axe (weapon)
 m - a +5 flail
 B - a +0 vorpal war axe
Missiles
 f - 9 boomerangs
 p - 32 poisoned darts (quivered)
Armour
 b - a +0 chain mail (worn)
 c - a +1 buckler (worn)
 j - a +0 cloak (worn)
 l - a +1 ring mail of willpower
 n - a +2 hat (worn)
 x - a +0 pair of gloves (worn)
Jewellery
 g - a ring of protection from cold (left hand)
 s - an amulet of guardian spirit (around neck)
 D - an amulet of regeneration
 E - a +6 ring of strength
Wands
 e - a wand of roots (7)
 v - a wand of flame (18)
 w - a wand of quicksilver (1)
 y - a wand of polymorph (5)
Scrolls
 o - 2 scrolls of teleportation
 q - 2 scrolls of identify
 C - a scroll of butterflies
Potions
 d - 3 potions of might
 h - 4 potions of brilliance
 i - 4 potions of degeneration
 k - a potion of mutation
 r - 2 potions of ambrosia
 t - 2 potions of flight
 u - 4 potions of berserk rage
Miscellaneous
 z - a condenser vane


   Skills:
 + Level 10.3 Fighting
 + Level 10.7 Axes
 + Level 9.4 Armour
 + Level 9.3 Shields


You had 9 spell levels left.
You didn't know any spells.
Your spell library contained the following spells:

 Spells                   Type           Power      Damage    Failure   Level
 Call Canine Familiar     Summ           0%         N/A       100%        3
 Portal Projectile        Hex/Tloc       0%         N/A       100%        3
 Leda's Liquefaction      Hex/Erth       0%         N/A       100%        4


Dungeon Overview and Level Annotations

Branches:
Dungeon (10/15)            Temple (1/1) D:6            Lair (0/5) D:8
    Orc (1/2) D:10

Altars:
Ashenzari
Cheibriados
Dithmenos
Elyvilon
Fedhas
Gozag
Hepliaklqana
Kikubaaqudgha
Makhleb
Nemelex Xobeh
Okawaru
Qazlal
Ru
Sif Muna
Trog
Uskayaw
Vehumet
Wu Jian
Xom
Yredelemnul
Zin
The Shining One
Beogh

Shops:
D:2 (   D:3 [


Innate Abilities, Weirdness & Mutations

You are partially covered in large bone plates. (SH +4)
You are weak. (Str -2)


Message History

The killer bee attacks as you move away!
You block the killer bee's attack.
* * * LOW HITPOINT WARNING * * *
You feel very sick.
The killer bee stings you but does no damage.
The killer bee barely misses you. You block the killer bee's attack. x2
The killer bee stings you.
* * * LOW HITPOINT WARNING * * *
The killer bee stings you but does no damage.
The killer bee attacks as you move away!
You block the killer bee's attack.
The killer bee attacks as you move away!
The killer bee stings you.
* * * LOW HITPOINT WARNING * * *
x2 You feel very sick.
The killer bee rages.
The killer bee barely misses you.
The killer bee stings you but does no damage.
The killer bee rages.
The killer bee barely misses you. You block the killer bee's attack.
The killer bee attacks as you move away!
You block the killer bee's attack.
* * * LOW HITPOINT WARNING * * *
You feel very sick.
The killer bee stings you but does no damage.
The killer bee barely misses you.
The killer bee stings you but does no damage.
There is a staircase back to the Dungeon here.
* * * LOW HITPOINT WARNING * * *
You feel very sick. The killer bee closely misses you.
You block the killer bee's attack. The killer bee stings you!
* * * LOW HITPOINT WARNING * * *
The killer bee closely misses you. You block the killer bee's attack. x2
The killer bee misses you.
The killer bee stings you but does no damage.
The killer bee closely misses you.
You climb upwards.
Welcome back to the Dungeon!
You die...
Your body crumbles into a pile of gold.

'###.........#########
....##....)..........####
.##.##..................#
.........##8[8#####8'8###
(...######...)..8......#
##### #.............#
#...⌠.._..⌠...#
#.....yyy.....#
#.....[@......#
###############


You could see 3 killer bees.

Vanquished Creatures
  An orc knight (D:10)
  Maurice (D:9)
  A troll (D:10)
  Grinder (D:3)
  2 shadows (D:10)
  A wraith (D:9)
  Eustachio (D:5)
  2 steam dragons
  A water moccasin (D:8)
  2 orc warriors (D:10)
  A black bear (D:3)
  6 sky beasts
  An ogre (D:5)
  An ice beast (D:6)
  4 centaurs
  A phantom (D:7)
  2 kobold brigands (D:8)
  Blork the orc (D:5)
  3 bullfrogs
  3 scorpions
  4 wights (D:6)
  10 killer bees
  3 howler monkeys
  2 jellies
  A hound (D:7)
  6 orc priests
  Jessica (D:2)
  2 gnoll boudas
  2 iguanas
  Ijyb (D:5)
  6 orc wizards
  12 adders
  15 gnolls
  2 white imps (D:6)
  2 ufetubi (D:5)
  A dart slug (D:5)
  46 orcs
  8 bats
  7 endoplasms
  3 giant cockroaches
  3 goblins
  7 hobgoblins
  3 jackals (D:4)
  19 kobolds
  6 quokkas
  14 ball pythons
  4 frilled lizards
  3 rats (D:1)
229 creatures vanquished.

Vanquished Creatures (others)
  A killer bee (D:6)
  A plant (D:2)
  2 withered plants (D:2)
4 creatures vanquished.

Grand Total: 233 creatures vanquished

Notes
Turn   | Place    | Note
-------+----------+-------------------------------------------
     0 | D:1      | p00ps00p the Hill Orc Fighter began the quest for the Orb.
     0 | D:1      | Reached XP level 1. HP: 19/19 MP: 1/1
   209 | D:1      | Reached XP level 2. HP: 21/27 MP: 2/2
   783 | D:1      | Reached XP level 3. HP: 33/33 MP: 3/3
  1049 | D:2      | Found Fyleq's Weapon Shop.
  1176 | D:2      | Found a faded altar of an unknown god.
  1237 | D:2      | Noticed Jessica
  1247 | D:2      | Killed Jessica
  1248 | D:2      | Reached XP level 4. HP: 34/40 MP: 4/4
  1676 | D:3      | Found Funauc's Antique Armour Boutique.
  1953 | D:3      | Reached XP level 5. HP: 41/47 MP: 5/5
  2017 | D:3      | Noticed Grinder
  2023 | D:3      | Paralysed by Grinder for 3 turns
  2027 | D:3      | Gained mutation: You are weak. (Str -2) [potion of
                  | mutation]
  2027 | D:3      | Gained mutation: You are partially covered in large bone
                  | plates. (SH +4) [potion of mutation]
  2048 | D:3      | Killed Grinder
  2049 | D:3      | Reached skill level 5 in Fighting
  2049 | D:3      | Reached skill level 5 in Axes
  2049 | D:3      | Reached XP level 6. HP: 37/56 MP: 2/6
  2259 | D:3      | Bought an embroidered hat for 154 gold pieces
  2287 | D:4      | Noticed a black bear
  2294 | D:4      | Reached skill level 5 in Armour
  2304 | D:3      | Killed a black bear
  2305 | D:3      | Reached skill level 5 in Shields
  2305 | D:3      | Reached XP level 7. HP: 39/61 MP: 5/7
  2917 | D:4      | Found a hide-covered altar of Uskayaw.
  3528 | D:4      | Found a sparkling altar of Nemelex Xobeh.
  3723 | D:5      | Entered Level 5 of the Dungeon
  3830 | D:5      | Noticed Ijyb
  3842 | D:5      | Killed Ijyb
  3872 | D:5      | Noticed Eustachio
  3915 | D:5      | Killed Eustachio
  3916 | D:5      | Reached XP level 8. HP: 63/71 MP: 8/8
  3941 | D:5      | Found a shimmering blue altar of Sif Muna.
  4028 | D:5      | Noticed Blork the orc
  4049 | D:5      | Killed Blork the orc
  4244 | D:5      | Found a shimmering altar of Xom.
  4461 | D:5      | Found a burning altar of Makhleb.
  5126 | D:6      | Found a sacrificial altar of Ru.
  5149 | D:6      | Found a staircase to the Ecumenical Temple.
  5162 | Temple   | Entered the Ecumenical Temple
  5393 | Temple   | Became a worshipper of Gozag Ym Sagoz the Greedy
  5521 | D:6      | Reached XP level 9. HP: 51/79 MP: 6/9
  6001 | D:6      | Found a glowing golden altar of the Shining One.
  6161 | D:6      | Found a broken altar of Ashenzari.
  6616 | D:7      | Found a bloodstained altar of Trog.
  6628 | D:7      | Found a blossoming altar of Fedhas.
  7552 | D:8      | Reached XP level 10. HP: 70/91 MP: 10/10
  7695 | D:8      | Found a staircase to the Lair.
  7986 | D:9      | Noticed Maurice
  7999 | D:9      | Killed Maurice
  8327 | D:9      | Reached skill level 10 in Axes
  8782 | D:10     | Entered Level 10 of the Dungeon
  8904 | D:10     | Noticed an orc knight
  8932 | D:10     | Killed an orc knight
  8933 | D:10     | Reached skill level 10 in Fighting
  8981 | D:10     | Found a roughly hewn altar of Beogh.
  8986 | D:10     | Found a staircase to the Orcish Mines.
  9450 | D:10     | Found a stormy altar of Qazlal.
  9521 | Orc:1    | Entered Level 1 of the Orcish Mines
  9576 | Orc:1    | HP: 3/94 [killer bee (5)]
  9577 | D:10     | Succumbed to a killer bee's poison

Illustrated notes

Levels and vault maps discovered:
D:1:      sevenhm_arrival_forest_fort_large_2, layout_basic
D:2:      cheibrodos_old_hovel, layout_basic,
          ebering_ecumenical_altar_petrified, serial_shops,
          nicolae_shop_bloodbath_and_beyond, uniq_jessica
D:3:      layout_rooms, serial_shops, shop, uniq_grinder
D:4:      layout_basic, nemelex_spade_bored_becter,
          nicolae_uskayaw_murder_on_the_dancefloor
D:5:      layout_basic, makhleb_grotto_becter, kennysheep_mini_moat,
          lemuel_round_altar, uniq_eustachio, uniq_ijyb, uniq_blork_the_orc
D:6:      layout_gridville, mainiacjoe_overflow_alcove_2, tso_altar,
          hangedman_ru_absence, minmay_temple_entry_mini_moons
D:7:      layout_gridville, mainiacjoe_overflow_catwalk_spiral
D:8:      hellmonk_destroyed_diamonds, layout_basic, lair_entry_dummy
D:9:      layout_loops_cross, uniq_maurice
D:10:     layout_basic, lemuel_doored_altar, david_orc_5, bh_walls_and_bars
Temple:   grunt_temple_mini_profane
Orc:1:    layout_caves, special_room [special_room_bee]

Skill      XL: |  1  2  3  4  5  6  7  8  9 10 |
---------------+-------------------------------+-----
Axes           | 3 4 5 6 7 9 10 | 10.7
Fighting       | 4 5 6 7 9 10 | 10.3
Armour         | 4 5 7 8 9 |  9.4
Shields        | 4 5 6 8 9 |  9.3

Action                   |  1- 3 |  4- 6 |  7- 9 | 10-12 || total
-------------------------+-------+-------+-------+-------++-------
Melee: War axe           |   108 |   102 |   402 |   182 ||   794
Evoke: Wand              |       |     1 |       |     1 ||     2
  Use: Scroll            |     3 |     4 |     7 |     5 ||    19
       Potion            |       |     7 |     4 |       ||    11
 Stab: Invisible         |       |       |     1 |       ||     1
Armor: Scale mail        |    62 |       |       |       ||    62
       Ring mail         |     4 |    86 |     3 |       ||    93
       Chain mail        |       |       |   296 |    96 ||   392
Dodge: Dodged            |    60 |    83 |   145 |    71 ||   359
Block: Buckler           |    39 |    53 |   257 |   106 ||   455

Table legend: (Time is in decaauts)
 A = Elapsed time spent in this place.
 B = Non-inter-level travel time spent in this place.
 C = Inter-level travel time spent in this place.
 D = Time resting spent in this place.
 E = Time spent auto-exploring this place.
 F = Levels seen in this place.
 G = Mean time per level.
                   A        B        C        D        E       F      G
               +--------+--------+--------+--------+--------+-----+--------+
         Total |   9716 |   9413 |    303 |    544 |   6446 |  12 |  809.7 |
       Dungeon |   9414 |   9156 |    258 |    544 |   6235 |  10 |  941.4 |
        Temple |    267 |    223 |     44 |      0 |    200 |   1 |  267.0 |
  Orcish Mines |     34 |     34 |      0 |      0 |     11 |   1 |   34.0 |
               +--------+--------+--------+--------+--------+-----+--------+

Top non-repeatable levels by time:
     D:5: 1182 daAuts
     D:6: 1179 daAuts
     D:3: 1177 daAuts
     D:1: 1027 daAuts
     D:4: 895 daAuts
     D:8: 877 daAuts
     D:9: 873 daAuts
    D:10: 762 daAuts
     D:7: 741 daAuts
     D:2: 697 daAuts
  Temple: 267 daAuts
   Orc:1: 34 daAuts
